 Dungeon Crawl Stone Soup version 0.29.1-12-g30fa7ad0bf (webtiles) character file.

Game seed: 6852770934192520020

32 Gabide the Trooper (level 3, 0/29 HPs)
             Began as a Mummy Berserker on Dec 28, 2022.
             Was a Follower of Trog.
             Slain by Robin
             ... wielding a +2 mace of holy wrath
              (2 damage)
             ... on level 1 of the Dungeon.
             The game lasted 00:01:19 (1017 turns).

Gabide the Trooper (Mummy Berserker)                Turns: 1017, Time: 00:01:20

Health: 0/29       AC:  5    Str: 22    XL:     3   Next: 10%
Magic:  3/3        EV: 11    Int:  6    God:    Trog [*.....]
Gold:   39         SH:  0    Dex: 11    Spells: 2/2 levels left

rFire   x . .      SeeInvis .     - Unarmed
rCold   + . .      Faith    .   (no shield)
rNeg    + + +      Spirit   .   h - +0 ring mail
rPois   ∞          Reflect  .   (no helmet)
rElec   .          Harm     .   (no cloak)
rCorr   .          Rampage  .   (no gloves)
Will    .....                   (no boots)
Stlth   +.........              (no amulet)
HPRegen 0.09/turn               (no ring)
MPRegen 0.08/turn               (no ring)

@: weak-willed
A: cold resistance 1, negative energy resistance 3, torment resistance 2, heat
vulnerability 1, in touch with death 1, no potions
a: Renounce Religion


You were on level 1 of the Dungeon.
You worshipped Trog.
Trog was aware of your devotion.
You visited 1 branch of the dungeon, and saw 2 of its levels.

You collected 39 gold pieces.

Inventory:

Armour
 h - a +0 ring mail (worn)
Scrolls
 c - a scroll of enchant armour {unknown}
 d - a scroll of poison {unknown}
 e - a scroll of immolation {unknown}
 f - a scroll of identify {unknown}
 g - a scroll of noise {unknown}


   Skills:
 + Level 3.3 Fighting
 - Level 1.5 Armour
 + Level 2.0 Dodging
 * Level 3.0 Unarmed Combat


You had 2 spell levels left.
You didn't know any spells.
Your spell library was empty.

Dungeon Overview and Level Annotations

Branches:
Dungeon (2/15)

Altars:

Annotations:
D:1 Robin


Innate Abilities, Weirdness & Mutations

You are immune to poison.
Your flesh is cold resistant. (rC+)
You are immune to negative energy. (rN+++)
You are immune to unholy pain and torment.
You are vulnerable to heat. (rF-)
You are in touch with the powers of death.
You do not drink.


Message History

Robin throws the goblin at you! The goblin hits you with a +0 club.
The goblin closely misses you.
Unknown command.
You closely miss the hobgoblin. The hobgoblin hits you.
You hit the hobgoblin.
The hobgoblin is almost dead.
The hobgoblin misses you.
You punch the hobgoblin!
You kill the hobgoblin!
Trog accepts your kill. Robin throws the goblin at you!
The goblin hits you but does no damage. The goblin barely misses you.
You barely miss the goblin. The goblin misses you.
You closely miss the goblin. The goblin barely misses you.
You hit the goblin but do no damage. Robin throws the goblin at you!
The goblin hits you with a +0 club.
Robin laughs in a distinctly smug fashion.
The goblin hits you but does no damage.
You closely miss the goblin. Robin throws the goblin at you!
The goblin hits you but does no damage. The goblin attacks as you move away!
The goblin closely misses you.
The goblin no longer looks unusually strong.
Robin roars a battlecry!
The goblin goes into a battle-frenzy!
You closely miss the goblin.
Robin says, "Duck!"
Robin hits you with a +2 mace of holy wrath.
You convulse.
The goblin barely misses you.
You hit the goblin.
You kill the goblin!
Trog accepts your kill.
Robin hits you with a +2 mace of holy wrath!
You convulse!
* * * LOW HITPOINT WARNING * * *
Things that are here:
a +0 club; a goblin corpse You hit Robin.
Robin is moderately wounded.
Robin hits you with a +2 mace of holy wrath.
You die...

######### #.......#
#.#####.# #######
#.#.g@..# #.....#
#.#.#####
#.....###.#.####
#.........#..†.#
#......#######.#
####......#.....#.#
...............g>g#
####.....##....#..#
# #......#...##..#


You could see Robin (weak-willed).

Vanquished Creatures
  3 dart slugs (D:1)
  3 endoplasms (D:1)
  A giant cockroach (D:1)
  3 goblins (D:1)
  3 hobgoblins (D:1)
  2 kobolds (D:1)
  3 ball pythons (D:1)
  3 bats (D:1)
  A frilled lizard (D:1)
  3 rats (D:1)
25 creatures vanquished.

Notes
Turn   | Place    | Note
-------+----------+-------------------------------------------
     0 | D:1      | Gabide the Mummy Berserker began the quest for the Orb.
     0 | D:1      | Reached XP level 1. HP: 18/18 MP: 1/1
   200 | D:1      | Reached XP level 2. HP: 24/24 MP: 2/2
   869 | D:1      | Gained mutation: You are in touch with the powers of death.
                  | [Mummy growth]
   869 | D:1      | Reached XP level 3. HP: 22/29 MP: 3/3
   991 | D:2      | Noticed Robin
  1015 | D:1      | HP: 1/29 [Robin/+2 mace of holy wrath (8)]
  1017 | D:1      | Slain by Robin

Illustrated notes

Levels and vault maps discovered:
D:1:      giann_forest_graveyard, layout_basic
D:2:      layout_loops_ring, dilly_ecumenical_altar_fadedgnrine, basic_altar,
          uniq_robin, uniq_natasha, uniq_terence

Skill      XL: |  1  2 |
---------------+-------+-----
Unarmed Combat | 3 |  3.0
Dodging        | 2 |  2.0
Fighting       | |  3.3
Armour         | |  1.5

Action                   || total
-------------------------++-------
Melee: Unarmed           ||    64
       Punch             ||     1
Throw: Boomerang         ||    18
       Stone             ||     7
  Use: Scroll            ||     1
Armor: Animal skin       ||    14
       Ring mail         ||     7
Dodge: Dodged            ||    47
